 Dungeon Crawl Stone Soup version 0.23-a0-373-g305c090 (webtiles) character file.

13876 MisterFreud the Cleaver (level 11, -1/88 HPs)
             Began as a Deep Dwarf Berserker on Oct 25, 2018.
             Was a High Priest of Trog.
             Slain by a swamp worm (16 damage)
             ... on level 3 of the Lair of Beasts.
             The game lasted 00:32:57 (7367 turns).

MisterFreud the Cleaver (Deep Dwarf Berserker)      Turns: 7367, Time: 00:32:58

Health: -1/88      AC: 14    Str: 24    XL:     11   Next: 81%
Magic:  14/14      EV: 15    Int:  8    God:    Trog [*****.]
Gold:   369        SH:  7    Dex: 16    Spells: 10/10 levels left

rFire    . . .     SeeInvis .   b - +1 hand axe (elec)
rCold    . . .     Gourm    .   z - +2 buckler {rN+}
rNeg     + + .     Faith    .   y - +5 ring mail of the Comet {*Contam Regen+ Dex+4}
rPois    .         Spirit   .   u - +0 helmet
rElec    .         Reflect  .   (no cloak)
rCorr    .         Harm     .   (no gloves)
MR       +....                  (no boots)
Stlth    +.........             (no amulet)
HPRegen  0.00/turn              E - ring of positive energy
MPRegen  0.14/turn              (no ring)

@: non-regenerating
A: damage resistance, heal wounds, sense surroundings 2, no regeneration
a: Heal Wounds, Berserk, Trog's Hand, Brothers in Arms, Renounce Religion


You were on level 3 of the Lair of Beasts.
You worshipped Trog.
Trog was extremely pleased with you.
You were hungry.

You visited 2 branches of the dungeon, and saw 11 of its levels.
You also visited: Ossuary.

You collected 619 gold pieces.
You spent 250 gold pieces at shops.

Inventory:

Hand Weapons
 b - a +1 hand axe of electrocution (weapon)
Armour
 f - a +1 chain mail of cold resistance
 u - a +0 helmet (worn)
 y - the +5 ring mail of the Comet (worn) {*Contam Regen+ Dex+4}
   (You found it on level 6 of the Dungeon)

   It affects your dexterity (+4).
   It causes magical contamination when unequipped.
   It increases your rate of regeneration.
 z - a +2 buckler of positive energy (worn)
Jewellery
 j - an uncursed ring of positive energy
 C - an uncursed ring of fire
 E - a ring of positive energy (left hand)
 H - an uncursed ring of see invisible
Wands
 n - a wand of random effects (29)
 r - a wand of acid (9)
 w - a wand of polymorph (20)
 B - a wand of enslavement (3)
 D - a wand of iceblast (6)
 G - a wand of flame (27)
Scrolls
 d - a scroll of blinking
 l - 2 scrolls of magic mapping
 s - 4 scrolls of enchant armour
 t - a scroll of teleportation
Potions
 a - a potion of lignification
 e - 3 potions of curing
 g - a potion of resistance
 h - 3 potions of cancellation
 i - a potion of heal wounds
 k - a potion of ambrosia
 m - 5 potions of brilliance
 o - 3 potions of mutation
 p - a potion of berserk rage
 q - a potion of invisibility
 v - a potion of haste
 A - 3 potions of magic
Comestibles
 c - 15 rations


   Skills:
 - Level 2.6 Fighting
 - Level 14.0 Axes
 + Level 11.1 Armour
 - Level 6.0 Dodging
 - Level 4.0 Shields
 - Level 10.1 Evocations


You had 10 spell levels left.
You didn't know any spells.
Your spell library was empty.

Dungeon Overview and Level Annotations

Branches:
Dungeon (8/15)             Temple (0/1) D:7            Lair (3/6) D:8
  Snake (0/4) Lair:2
  Swamp: Lair:2-4    Shoals: Lair:2-4

Altars:
Fedhas
Okawaru
Trog
Uskayaw
Wu Jian

Shops:
D:6 :(%[!

Annotations:
D:5 3 runed doors, Tenar's ghost, amateur DEIE


Innate Abilities, Weirdness & Mutations

You are resistant to damage.
You can heal yourself by infusing magical energy.
You passively map the area around you.
You do not regenerate.


Message History

You slash the black mamba!
Lightning courses through the black mamba!
You kill the black mamba!
Trog accepts your kill.
Your Armour skill increases to level 11!
You see here a black mamba corpse.
c - 15 rations (gained 1)
G - a wand of flame (27) (gained 16 charges)
You are no longer poisoned.
You are feeling hungry.
A swamp worm comes into view.
Found a stone staircase leading down.
You slash the fungus!
The fungus is moderately damaged.
You closely miss the swamp worm. The swamp worm bites you!
* * * LOW HITPOINT WARNING * * *
You hit the swamp worm but do no damage.
You hit the fungus. Lightning courses through the fungus!
The swamp worm bites you!
You die...

* , ,
..........P...# * P
.............## *
***PP#..##..#...#.P#
* *
,,..............## ,
,* , ##..##..#...###
, >........#### * ,
####...## , , , ** *
#....# *, * #.@..# *
, * #wP#.P# * , *
#.P..## *,,* *
.....#* , , ,
...#... , * , ,
#.#...... , #.#.
..... , , ,* , *#...
...... , ≈ , * , , ,
≈


You could see a swamp worm.

Vanquished Creatures
  A catoblepas (Lair:2)
  2 black mambas (Lair:3)
  3 spiny frogs
  4 komodo dragons
  3 rime drakes
  A queen bee (D:8)
  A hornet (Lair:3)
  A blink frog (Lair:2)
  2 hippogriffs
  12 yaks
  A basilisk (Lair:2)
  A hungry ghost (D:8)
  8 water moccasins
  4 porcupines
  2 phantoms (D:8)
  5 orc warriors
  2 ice beasts
  4 black bears
  2 ogres
  2 centaurs
  3 crocodiles
  13 wolves
  4 bullfrogs
  A water moccasin skeleton (D:4)
  2 scorpions (D:7)
  19 killer bees
  3 wights (D:7)
  3 howler monkeys
  A crimson imp (D:8)
  A quasit (D:8)
  A bullfrog zombie (D:7)
  A centaur zombie (Ossuary)
  2 hounds
  2 bullfrog skeletons
  4 orc priests
  2 centaur skeletons (D:4)
  11 orc wizards
  3 iguanas
  6 worker ants
  6 big kobold zombies (Ossuary)
  4 mummies (Ossuary)
  7 gnolls
  8 adders
  A shadow imp (D:8)
  3 adder skeletons
  2 worms
  2 dart slugs
  3 leopard geckos
  29 orcs
  8 giant cockroaches
  A goblin (D:3)
  5 hobgoblins
  11 jackals
  4 kobolds
  2 quokkas
  A ball python (D:6)
  4 bats (D:1)
  6 frilled lizards
  A giant cockroach zombie (D:5)
  2 hobgoblin zombies (Ossuary)
  A quokka skeleton (D:5)
  5 rats
  3 plants
262 creatures vanquished.

Vanquished Creatures (collateral kills)
  A yak (Lair:1)
1 creature vanquished.

Vanquished Creatures (others)
  A yak (Lair:1)
  13 fungi
  10 plants
24 creatures vanquished.

Grand Total: 287 creatures vanquished

Notes
Turn   | Place    | Note
-------+----------+-------------------------------------------
     0 | D:1      | MisterFreud the Deep Dwarf Berserker began the quest for
                  | the Orb.
     0 | D:1      | Reached XP level 1. HP: 20/20 MP: 1/1
   278 | D:1      | Reached skill level 4 in Axes
   278 | D:1      | Reached XP level 2. HP: 9/27 MP: 2/2
   626 | D:2      | Reached skill level 5 in Axes
   626 | D:2      | Reached XP level 3. HP: 23/33 MP: 3/3
   749 | D:2      | Reached ** piety under Trog
   795 | D:2      | Reached XP level 4. HP: 21/40 MP: 4/4
  1112 | D:3      | Reached skill level 1 in Shields
  1324 | D:3      | Reached skill level 6 in Axes
  1324 | D:3      | Reached XP level 5. HP: 20/46 MP: 5/5
  1701 | D:4      | Noticed an ogre
  1703 | D:4      | Found a sand-covered staircase.
  1708 | D:4      | Killed an ogre
  1710 | D:4      | Reached XP level 6. HP: 45/55 MP: 6/6
  1726 | Ossuary  | Entered an ossuary
  1824 | Ossuary  | Reached skill level 7 in Axes
  2042 | D:4      | Reached XP level 7. HP: 20/61 MP: 6/6
  2068 | D:4      | Reached *** piety under Trog
  2167 | D:4      | Found an iron altar of Okawaru.
  2174 | D:4      | Reached skill level 8 in Axes
  2587 | D:5      | Entered Level 5 of the Dungeon
  2684 | D:5      | Found a runed gate.
  2684 | D:5      | Found a runed gate.
  2684 | D:5      | Found a runed gate.
  2685 | D:5      | Noticed Tenar's ghost (amateur DEIE)
  2801 | D:5      | Found an ornate altar of the Wu Jian Council.
  2801 | D:5      | Found a hide-covered altar of Uskayaw.
  2802 | D:5      | Found a blossoming altar of Fedhas.
  2927 | D:5      | Reached skill level 9 in Axes
  3248 | D:6      | Found Xotystru's Book Boutique.
  3273 | D:6      | Found a bloodstained altar of Trog.
  3402 | D:6      | Reached XP level 8. HP: 58/68 MP: 5/5
  3451 | D:6      | Found Ysafar's Antique Armour Shop.
  3458 | D:6      | Got a polished ring mail
  3469 | D:6      | Identified the +5 ring mail of the Comet {*Contam Regen+
                  | Dex+4} (You found it on level 6 of the Dungeon)
  3477 | D:6      | Bought a runed buckler for 202 gold pieces
  3497 | D:6      | Found Fuecuz's Antique Weapon Shop.
  3544 | D:6      | Found Butan's Distillery.
  3550 | D:6      | Bought a potion of lignification for 36 gold pieces
  3550 | D:6      | Bought a potion of degeneration for 12 gold pieces
  3580 | D:6      | Found Xiom's Food Shop.
  3589 | D:6      | Reached skill level 10 in Axes
  3605 | D:6      | Reached **** piety under Trog
  3616 | D:6      | Reached skill level 5 in Armour
  3890 | D:7      | Found a staircase to the Ecumenical Temple.
  4088 | D:7      | Gained mutation: You passively map the area around you.
                  | [Deep Dwarf growth]
  4088 | D:7      | Reached XP level 9. HP: 39/74 MP: 6/6
  4289 | D:7      | Reached skill level 1 in Evocations
  4649 | D:8      | Reached skill level 5 in Evocations
  4666 | D:8      | Noticed a queen bee
  4681 | D:8      | Killed a queen bee
  4722 | D:8      | Reached skill level 11 in Axes
  4857 | D:8      | Reached skill level 12 in Axes
  4897 | D:8      | Reached XP level 10. HP: 41/81 MP: 10/10
  5436 | D:8      | Found a staircase to the Lair.
  5449 | Lair:1   | Entered Level 1 of the Lair of Beasts
  5528 | Lair:1   | Noticed a seven-headed hydra
  5534 | Lair:1   | a seven-headed hydra changed into a hippogriff
  5542 | Lair:1   | Reached skill level 13 in Axes
  5660 | Lair:1   | Reached skill level 14 in Axes
  5976 | Lair:1   | Noticed a spiny frog
  5984 | Lair:1   | Killed a spiny frog
  6305 | Lair:2   | Reached XP level 11. HP: 27/88 MP: 12/12
  6539 | Lair:2   | Found a staircase to the Snake Pit.
  6668 | Lair:2   | Noticed a catoblepas
  6684 | Lair:2   | Killed a catoblepas
  6684 | Lair:2   | Reached skill level 5 in Dodging
  6926 | Lair:2   | Noticed an eight-headed hydra
  6997 | Lair:3   | Reached skill level 10 in Armour
  7052 | Lair:3   | Reached skill level 10 in Evocations
  7143 | Lair:3   | Reached ***** piety under Trog
  7367 | Lair:3   | Slain by a swamp worm

Vault maps used:
D:1:      lordsloth_arrival_two_stooges, minmay_heptomino_l4
D:4:      first_ration, nicolae_ossuary_entry_monument,
          okawaru_ov_weapons_minmay
D:5:      chequers_temple_overflow_statue_of_worship, gammafunk_ghost_split,
          corexii_leaking_fountain, dk_rats_in_the_wall
D:6:      basic_altar, serial_shops, shop, shop, shop, shop, nicolae_shop_stone,
          minmay_tree_intersection
D:7:      minmay_temple_entry_from_below_a
D:8:      grunt_lair_entry_orc_guard_hut, david_nohive_1
Lair:2:   beast_lair_carwin_large_2, dummy_snake_entry,
          hangedman_lair_generics_rect
Lair:3:   cheibrodos_lair_overgrown_chateau, minmay_swamp_entry_worms,
          lemuel_fruit_tree, uniq_fannar
Ossuary:  ossuary_the_hunt_dpeg

Skill      XL: |  1  2  3  4  5  6  7  8  9 10 11 |
---------------+----------------------------------+-----
Axes           | 4 5 6 7 9 10 12 14 | 14.0
Shields        | 1 3 4 |  4.0
Armour         | 7 8 11 | 11.1
Evocations     | 6 7 10 | 10.1
Dodging        | 4 6 |  6.0
Fighting       | |  2.6

Action                   |  1- 3 |  4- 6 |  7- 9 | 10-12 || total
-------------------------+-------+-------+-------+-------++-------
Melee: Hand axe          |   107 |   192 |   424 |   402 ||  1125
Invok: Berserk           |       |     2 |     2 |     1 ||     5
       Trog's Hand       |       |     1 |     6 |       ||     7
 Abil: Heal Wounds       |     3 |     9 |     7 |    13 ||    32
Evoke: Wand              |       |       |     2 |    14 ||    16
  Use: Scroll            |       |     9 |     6 |     9 ||    24
       Potion            |       |     1 |     1 |       ||     2
 Stab: Sleeping          |       |     1 |       |       ||     1
  Eat: Chunk             |       |     5 |    14 |     5 ||    24
       Ration            |       |       |     1 |     1 ||     2
Armor: Animal skin       |    25 |    22 |    12 |       ||    59
       Chain mail        |       |       |    14 |       ||    14
       Ring mail         |       |       |    90 |    88 ||   178
Dodge: Dodged            |    56 |    94 |   185 |   147 ||   482
Block: Buckler           |       |    17 |   129 |   108 ||   254

Table legend:
 A = Non-vault XP
 B = Vault XP
 C = Vault XP percentage of total XP
 D = Non-vault monster count
 E = Vault monster count
 F = Vault count percentage of total count
                 A         B        C        D         E       F
            +---------+---------+-------+---------+---------+-------
      Total |   14437 |    5387 |  27.2 |     210 |      51 |  19.5
            +---------+---------+-------+---------+---------+-------
        D:1 |      20 |       7 |  25.9 |      11 |       4 |  26.7
        D:2 |      85 |       0 |   0.0 |      12 |       0 |   0.0
        D:3 |     146 |       0 |   0.0 |      25 |       0 |   0.0
        D:4 |     568 |       0 |   0.0 |      14 |       0 |   0.0
        D:5 |     127 |       0 |   0.0 |       8 |       0 |   0.0
        D:6 |     844 |       0 |   0.0 |      29 |       0 |   0.0
        D:7 |    1192 |     122 |   9.3 |      39 |       2 |   4.9
        D:8 |    1414 |    1760 |  55.5 |      22 |      19 |  46.3
     Lair:1 |    2779 |       0 |   0.0 |      14 |       0 |   0.0
     Lair:2 |    4346 |    1943 |  30.9 |      21 |       9 |  30.0
     Lair:3 |    2916 |    1290 |  30.7 |      15 |       4 |  21.1
    Ossuary |       0 |     265 | 100.0 |       0 |      13 | 100.0
            +---------+---------+-------+---------+---------+-------
